 Dungeon Crawl Stone Soup version 0.24.0-1-gfbc8707122 (webtiles) character file.

Game seed: 3359771064922416803, levelgen mode: deterministic

15 Esekla the Conjurer (level 2, -6/20 HPs)
             Began as a Formicid Conjurer on Oct 28, 2019.
             Mangled by a gnoll (9 damage)
             ... on level 3 of the Dungeon.
             The game lasted 00:05:17 (483 turns).

Esekla the Conjurer (Formicid Conjurer)              Turns: 483, Time: 00:05:17

Health: -6/20      AC:  2    Str: 12    XL:     2   Next: 65%
Magic:  1/5        EV:  6    Int: 14    God:
Gold:   11         SH:  0    Dex: 11    Spells: 3/6 levels left

rFire    . . .     SeeInvis +   e - +0 mace
rCold    . . .     Gourm    .   (no shield)
rNeg     . . .     Faith    .   a - +0 robe
rPois    .         Spirit   .   (helmet unavailable)
rElec    .         Reflect  .   (no cloak)
rCorr    .         Harm     .   (no gloves)
MR       .....                  (no boots)
Stlth    ++........             (no amulet)
HPRegen  0.06/turn              (no ring)
MPRegen  0.09/turn              (no ring)

@: very slightly contaminated, held
A: permanent stasis, dig shafts and tunnels, four strong arms, antennae 3
a: Dig, Shaft Self


You were on level 3 of the Dungeon.
You were not hungry.

You visited 1 branch of the dungeon, and saw 3 of its levels.

You collected 11 gold pieces.

Inventory:

Hand Weapons
 e - a +0 mace (weapon)
Armour
 a - a +0 robe (worn)
Jewellery
 i - an uncursed amulet of rage {unknown}
Scrolls
 g - a scroll of noise {unknown}
Potions
 b - a potion of invisibility {unknown}
 d - a potion of lignification {unknown}
 f - a potion of cancellation {unknown}
 h - a potion of degeneration {unknown}
Comestibles
 c - 2 rations


   Skills:
 + Level 0.3 Fighting
 + Level 1.8 Dodging
 + Level 2.4 Stealth
 * Level 2.5 Spellcasting
 + Level 3.9 Conjurations


You had 3 spell levels left.
You knew the following spells:

 Your Spells              Type           Power        Failure   Level  Hunger
a - Magic Dart            Conj           ##..         4%          1    #......
e - Searing Ray           Conj           ##....       7%          2    ###....

Your spell library contained the following spells:

 Spells                   Type           Power        Failure   Level  Hunger
 Dazzling Spray           Conj/Hex       #.....       30%         3    ###....
 Iskenderun's Mystic Bla  Conj           ##......     41%         4    #####..
 Force Lance              Conj/Tloc      #.......     69%         4    #####..
 Fulminant Prism          Conj/Hex       #.........   69%         4    #####..


Dungeon Overview and Level Annotations

Branches:
Dungeon (2/15)

Altars:
Trog


Innate Abilities, Weirdness & Mutations

You cannot be hasted, slowed, berserked, paralysed or teleported.
You can dig through walls and to a lower floor.
Your four strong arms can wield two-handed weapons with a shield.
You have a pair of large antennae on your head. (SInv)


Message History

Found a paperback book.
A goblin comes into view.
The gnoll throws a throwing net.
The throwing net hits you.
You become entangled in the net!
A goblin comes into view. It is wielding a +0 club.
Found a ration.
You see here a throwing net.
You struggle against the net.
The gnoll hits you.
You struggle against the net.
A gnoll comes into view. It is wielding a +0 spear.
The gnoll hits you.
You struggle against the net.
A hobgoblin comes into view. It is wielding a +0 club.
The gnoll hits you.
* * * LOW HITPOINT WARNING * * *
You struggle against the net.
The hobgoblin shouts!
The gnoll shouts!
A bat comes into view.
A leopard gecko comes into view.
The gnoll hits you!
You die...

...# { ..# ..##
{ %.:. #.. #
#####.##.#
#........#
#....@...#
#...gg...#
#.......g....
...g..r....###..
###.g......# b
#g#.####... #l#.
..g. # #. .....
.. ....


You could see 4 gnolls, a leopard gecko (wandering), a hobgoblin, 2 goblins, a
bat and a rat.

Vanquished Creatures
  An ooze (D:1)
  A hobgoblin (D:1)
  2 jackals (D:1)
  2 bats (D:1)
  A frilled lizard (D:1)
  3 goblins (D:1)
  A rat (D:1)
11 creatures vanquished.

Notes
Turn   | Place    | Note
-------+----------+-------------------------------------------
     0 | D:1      | Esekla the Formicid Conjurer began the quest for the Orb.
     0 | D:1      | Reached XP level 1. HP: 13/13 MP: 3/3
   149 | D:1      | Reached XP level 2. HP: 20/20 MP: 3/5
   153 | D:1      | Learned a level 2 spell: Searing Ray
   471 | D:2      | Found a bloodstained altar of Trog.
   478 | D:2      | You fall into a shaft and drop 1 floor!
   483 | D:3      | Mangled by a gnoll

Levels and vault maps discovered:
D:1:      nicolae_arrival_somewhat_less_tricky_arrival, layout_loops_ring,
          corexii_item_surrounded_by_moat
D:2:      layout_basic, trog_hazing_becter
D:3:      layout_basic, chequers_decorated_corner

Action                   || total
-------------------------++-------
Melee: Unarmed           ||     3
       Mace              ||     6
 Cast: Magic Dart        ||    13
       Searing Ray       ||     3
 Abil: Shaft Self        ||     1
Armor: Robe              ||     3
Dodge: Dodged            ||    23
